AoeStats
← Alvinangus

Arena

510618212Analyzed
2v2 RM · 16h ago on Oct 1, 2026· 51m 36s· 4 players
Game mode
Random Map
Map size
Medium (4 player)
Population
200
Speed
Normal
Resources
Standard
Victory
Conquest
Starting age
Dark Age
Ending age
Imperial Age
RankedLock teamsTeams togetherTeam positionsShared explorationLock speedFull tech treeHidden civsTurbo modeCheats
Victory
Defeat
🇭🇷 Saracens · Croatia
1111
+15
🇲🇽 Poles · Mexico
1095
+16
🇺🇦 Hindustanis · Ukraine
1162
-18
🇧🇷 Mongols · Brazil
1023
-13
Alvinangus
10:55 Feudal Age
12:00 Loom
15:09 Castle Age
15:57 Wheelbarrow
15:09 Double-Bit Axe
16:06 Bow Saw
20:29 Bow Saw
21:19 Hand Cart
21:05 Horse Collar
22:42 Heavy Plow
23:16 Town Watch
24:44 Grand Trunk Road
29:19 Imperial Age
27:14 Scale Mail Armor
27:24 Forging
27:56 Gold Mining
27:57 Stone Mining
29:31 Iron Casting
29:12 Chain Mail Armor
29:17 Fletching
29:33 Scale Barding Armor
31:07 Chemistry
30:04 Murder Holes
30:19 Fortified Wall
30:20 Masonry
30:16 Siege Engineers
31:19 Blast Furnace
30:36 Bodkin Arrow
30:41 Padded Archer Armor
31:17 Conscription
31:21 Husbandry
31:31 Bloodlines
31:22 Husbandry
31:32 Bloodlines
31:47 Ballistics
32:29 Two-Man Saw
31:52 Chain Barding Armor
32:40 Thumb Ring
32:52 Leather Archer Armor
33:08 Squires
34:04 Ballistics
33:50 Siege Engineers
34:20 Coinage
33:17 Elite Ghulam
34:35 Hoardings
34:42 Gold Shaft Mining
34:42 Stone Shaft Mining
34:07 Light Cavalry
35:39 Bracer
36:10 Ring Archer Armor
36:59 Plate Barding Armor
37:31 Shatagni
37:45 Siege Elephant
40:15 Pikeman
40:40 Arson
42:49 Banking
48:53 Heavy Camel Rider
Mr_S00R
1:58 Loom
12:17 Feudal Age
13:58 Wheelbarrow
18:06 Castle Age
17:35 Horse Collar
17:41 Double-Bit Axe
18:17 Double-Bit Axe
30:52 Imperial Age
29:20 Bow Saw
29:13 Heavy Plow
31:11 Gold Mining
31:12 Stone Mining
31:47 Hand Cart
31:17 Town Watch
31:36 Stone Mining
32:40 Husbandry
32:51 Bloodlines
36:03 Town Patrol
36:48 Fletching
36:58 Padded Archer Armor
38:26 Bodkin Arrow
38:48 Leather Archer Armor
39:38 Gold Shaft Mining
39:40 Stone Shaft Mining
39:11 Bracer
39:01 Elite Mangudai
41:14 Chemistry
40:35 Ballistics
40:26 Fortified Wall
40:11 Murder Holes
40:00 Heavy Scorpion
41:33 Drill
41:51 Hoardings
43:29 Pikeman
44:10 Squires
43:55 Arson
45:55 Forging
45:45 Scale Mail Armor
46:51 Chain Mail Armor
47:12 Iron Casting
49:00 Blast Furnace
48:37 Plate Mail Armor
ZSalsero
9:57 Feudal Age
13:56 Castle Age
12:50 Double-Bit Axe
17:12 Loom
19:23 Wheelbarrow
23:28 Scale Barding Armor
24:26 Gold Mining
25:31 Husbandry
28:06 Bloodlines
28:50 Forging
29:00 Chain Barding Armor
31:42 Imperial Age
29:53 Stone Mining
29:52 Town Watch
30:41 Bow Saw
30:28 Horse Collar
30:48 Caravan
32:12 Hand Cart
32:50 Iron Casting
33:52 Plate Barding Armor
33:18 Heavy Camel Rider
34:51 Herbal Medicine
35:29 Ballistics
36:15 Two-Man Saw
35:25 Heavy Plow
37:25 Blast Furnace
37:07 Conscription
38:24 Padded Archer Armor
38:14 Fletching
38:47 Bimaristan
39:44 Gold Shaft Mining
39:35 Leather Archer Armor
40:23 Chemistry
39:56 Bodkin Arrow
40:02 Scale Mail Armor
39:47 Elite Skirmisher
40:33 Thumb Ring
41:17 Bracer
41:47 Ring Archer Armor
41:21 Squires
44:38 Siege Engineers
44:43 Masonry
44:45 Capped Ram
49:31 Elite Mameluke
Master Blaster
0:29 Loom
9:45 Feudal Age
10:12 Double-Bit Axe
10:13 Horse Collar
13:34 Gold Mining
16:06 Stone Mining
20:58 Castle Age
19:50 Bloodlines
19:03 Man-at-Arms
20:00 Scale Mail Armor
20:29 Scale Barding Armor
20:54 Forging
21:31 Fletching
22:18 Heavy Plow
22:29 Bow Saw
21:59 Light Cavalry
24:21 Wheelbarrow
24:44 Squires
24:05 Long Swordsman
26:01 Hand Cart
25:58 Caravan
27:44 Fervor
27:55 Sanctity
29:20 Stone Shaft Mining
32:32 Imperial Age
30:13 Town Watch
30:50 Ballistics
30:26 Murder Holes
30:41 Masonry
30:59 Husbandry
31:36 Chain Barding Armor
31:55 Town Watch
32:07 Arson
31:43 Pikeman
33:40 Chain Mail Armor
34:11 Crop Rotation
33:10 Two-Handed Swordsman
34:36 Iron Casting
33:56 Bodkin Arrow
36:23 Chemistry
35:24 Cavalier
35:35 Winged Hussar
37:22 Conscription
37:31 Szlachta Privileges
39:20 Lechitic Legacy
39:24 Town Patrol
40:39 Blast Furnace
41:49 Block Printing
41:34 Devotion
42:13 Onager
42:17 Capped Ram
43:50 Fortified Wall
46:12 Plate Mail Armor
45:59 Bracer
47:34 Padded Archer Armor
46:57 Champion
Connection lost

Rejoining the realm…

Still unreachable

The connection could not be restored.

Session expired

The server has moved on; the page needs a fresh start.